 Dungeon Crawl Stone Soup version 0.24.1 (webtiles) character file.

Game seed: 385472734345681812, levelgen mode: deterministic

101 Destapler the Ducker (level 4, -2/24 HPs)
             Began as a Spriggan Wanderer on Mar 27, 2020.
             Killed by divine providence
             ... invoked by an orc priest
              (14 damage)
             ... on level 2 of the Dungeon.
             The game lasted 00:07:02 (2316 turns).

Destapler the Ducker (Spriggan Wanderer)            Turns: 2316, Time: 00:07:03

Health: -2/24      AC:  2    Str:  9    XL:     4   Next: 48%
Magic:  6/6        EV: 19    Int: 14    God:
Gold:   69         SH:  0    Dex: 14    Spells: 3/3 levels left

rFire    . . .     SeeInvis +   a - +2 dagger
rCold    + . .     Gourm    .   (shield restricted)
rNeg     . . .     Faith    .   e - +0 robe
rPois    .         Spirit   .   (helmet restricted)
rElec    .         Reflect  .   (no cloak)
rCorr    .         Harm     .   (gloves unavailable)
MR       .....                  (boots unavailable)
Stlth    ++........             (no amulet)
HPRegen  0.08/turn              g - ring of protection from cold
MPRegen  0.10/turn              (no ring)

@: very quick
A: very small, unfitting armour, see invisible, herbivore, speed 3, slow
metabolism 2
a: no special abilities


You were on level 2 of the Dungeon.
You were not hungry.

You visited 1 branch of the dungeon, and saw 2 of its levels.

You collected 69 gold pieces.

Inventory:

Hand Weapons
 a - a +2 dagger (weapon)
 b - a +0 hunting sling
Missiles
 c - 19 stones (quivered)
 o - a throwing net
 q - 4 boomerangs
Armour
 e - a +0 robe (worn)
Jewellery
 g - a ring of protection from cold (left hand)
Scrolls
 h - a scroll of fog {unknown}
 j - a scroll of amnesia {unknown}
 k - a scroll of noise {unknown}
 l - a scroll of teleportation {unknown}
 p - a scroll of blinking {unknown}
Potions
 d - a potion of curing
 i - 2 potions of flight {unknown}
 m - a potion of haste
 n - a potion of heal wounds {unknown}
Comestibles
 f - 3 rations


   Skills:
 * Level 3.3 Fighting
 + Level 1.7 Short Blades
 + Level 4.0 Dodging
 + Level 3.3 Stealth
   Level 1.0 Shields
 - Level 1.5 Unarmed Combat
   Level 1.3 Evocations


You had 3 spell levels left.
You didn't know any spells.
Your spell library was empty.

Dungeon Overview and Level Annotations

Branches:
Dungeon (2/15)

Altars:
Makhleb


Innate Abilities, Weirdness & Mutations

You are very small and have problems with some larger weapons.
You are too small for most types of armour.
You have supernaturally acute eyesight. (SInv)
You are a herbivore.
You cover ground extremely quickly.
You need to consume almost no food.


Message History

The orc is heavily wounded.
The orc completely misses you.
You hit the orc.
You kill the orc!
The orc completely misses you.
Throwing (i - inventory. (/) - cycle)
c - 20 stones (quivered)
Press: ? - help, Shift-Dir - straight line, f - orc
Aim: an orc, wielding a +0 mace and wearing a +0 leather armour You throw a stone.
The stone barely misses the orc.
The orc priest shouts!
You hit the orc.
The orc is moderately wounded.
You hear a shout!
The orc completely misses you.
The orc priest calls upon Beogh to heal the orc.
The orc's wounds heal themselves!
The orc priest invokes the aid of Beogh against you.
Beogh smites you!
Ouch! That really hurt!
You die...

#### .... #..# ... #.#
#.############ ######
#....@..o.)o(# #....#
#..#########(# #.._.#
######.###........# #.....
#......##..8...8..# #..###
#.####.#$.......... ##.#
#......#⌠.......... #.# #
..#####..###.#....oo.....#
#.# #
#.....÷..##..##..8...8...#
#.###
..#####.##...###.....w...#
#....


You could see an orc priest and an orc.

Vanquished Creatures
  A gnoll (D:1)
  3 adders (D:2)
  4 worms (D:2)
  A dart slug (D:1)
  A leopard gecko (D:1)
  2 orcs (D:2)
  A ball python (D:2)
  4 giant cockroaches
  4 goblins
  A hobgoblin (D:1)
  2 jackals (D:1)
  A quokka (D:2)
  6 frilled lizards
  7 kobolds
  16 rats
54 creatures vanquished.

Notes
Turn   | Place    | Note
-------+----------+-------------------------------------------
     0 | D:1      | Destapler the Spriggan Wanderer began the quest for the
                  | Orb.
     0 | D:1      | Destapler set off with the following items: a +2 dagger, a
                  | potion of haste, a +0 falchion, a potion of curing, a +0
                  | robe, a ration
     0 | D:1      | Reached XP level 1. HP: 11/11 MP: 3/3
   310 | D:1      | Reached XP level 2. HP: 6/16 MP: 4/4
   872 | D:1      | Reached skill level 1 in Short Blades
  1059 | D:1      | Reached XP level 3. HP: 19/19 MP: 5/5
  1417 | D:2      | Reached XP level 4. HP: 20/24 MP: 6/6
  1442 | D:2      | Found a burning altar of Makhleb.
  1993 | D:2      | Reached skill level 4 in Dodging
  2316 | D:2      | Killed from afar by an orc priest

Levels and vault maps discovered:
D:1:      erik_arrival_orb_chamber, layout_loops_ring
D:2:      cheibrodos_pilgrimage, layout_loops_corners,
          lemuel_coloured_pillars_altar, bloody_makhleb

Skill      XL: |  1  2  3  4 |
---------------+-------------+-----
Stealth        | 2 3 |  3.3
Short Blades   | 1 |  1.7
Fighting       | 3 |  3.3
Dodging        | 4 |  4.0
Shields        | |  1.0
Unarmed Combat | |  1.5
Evocations     | |  1.3

Action                   |  1- 3 |  4- 6 || total
-------------------------+-------+-------++-------
Melee: Dagger            |   134 |    76 ||   210
Throw: Stone             |       |     8 ||     8
 Stab: Sleeping          |     5 |     2 ||     7
Armor: Robe              |     7 |       ||     7
Dodge: Dodged            |    76 |    42 ||   118
